 Dungeon Crawl Stone Soup version 0.17.1-1-g73c8601 (webtiles) character file.

273 Runnr the Insei (level 6, -1/46 HPs)
             Began as a Demonspawn Transmuter on Jan 8, 2016.
             Slain by a killer bee (3 damage)
             ... on level 4 of the Dungeon on Jan 9, 2016.
             The game lasted 00:20:32 (6563 turns).

Runnr the Insei (Demonspawn Transmuter)             Turns: 6563, Time: 00:20:32

Health: -1/46      AC:  3    Str: 10    XL:     6   Next: 3%
Magic:  10/10      EV: 19    Int: 25    God:
Gold:   256        SH:  0    Dex: 19    Spells: 3 memorised, 5 levels left

rFire  + . .     SeeInvis .       - Unarmed
rCold  + . .     Clarity  .     b - +0 robe
rNeg   . . .     SustAt   .     (no shield)
rPois  +         Gourm    +     (no helmet)
rElec  +         Spirit   .     (no cloak)
rCorr  +         Warding  .     (no gloves)
rMut   .         Stasis   .     (no boots)
MR     .....                    r - amulet of the gourmand
Stlth  ++++......               t - ring of stealth
                                p - +4 ring of intelligence

@: brilliant, agile, lethally poisoned (-1 -> -4), appendage, resistant, not
resistant to hostile enchantments, stealthy
A: horns 2, talons 1, icy blue scales 1, powered by pain 1, rot immunity
a: End Transformation


You were on level 4 of the Dungeon.
You were very full.
You had grown temporary horns.
You visited 1 branch of the dungeon, and saw 4 of its levels.

You collected 256 gold pieces.

Inventory:

Missiles
 a - 29 arrows
 y - 14 poisoned needles
Armour
 b - a +0 robe (worn)
Jewellery
 e - an uncursed ring of protection from magic
 p - a +4 ring of intelligence (left hand)
 r - an amulet of the gourmand (around neck)
 t - a ring of stealth (right hand)
Scrolls
 f - a scroll of amnesia
 i - 2 scrolls of magic mapping {unknown}
 j - 2 scrolls of blinking
 s - a scroll of fog {unknown}
 v - 5 scrolls of remove curse
Potions
 k - 2 potions of flight
Books
 c - a book of Changes

   Spells                             Type                      Level
   a - Beastly Appendage              Transmutation                1
   b - Sticks to Snakes               Transmutation                2
   c - Spider Form                    Transmutation/Poison         3
   d - Ice Form                       Ice/Transmutation            4
   e - Blade Hands                    Transmutation                5
 o - a book of Maledictions

   Spells                             Type                      Level
   a - Corona                         Hexes                        1
   b - Ensorcelled Hibernation        Hexes/Ice                    2
   c - Confuse                        Hexes                        3
   d - Tukima's Dance                 Hexes                        3
   e - Dazzling Spray                 Conjuration/Hexes            3
Comestibles
 d - 2 bread rations
 l - 4 beef jerkies
 u - 2 meat rations


   Skills:
 + Level 2.8 Fighting
 + Level 3.1 Dodging
 - Level 0.4 Stealth
 + Level 3.5 Unarmed Combat
 + Level 3.0 Spellcasting
 + Level 2.8 Transmutations


You had 5 spell levels left.
You knew the following spells:

 Your Spells              Type           Power        Failure   Level  Hunger
b - Beastly Appendage     Trmt           ####..       1%          1    None
s - Spider Form           Trmt/Pois      ####......   2%          3    ###....
S - Sticks to Snakes      Trmt           ####......   1%          2    ##.....


Dungeon Overview and Level Annotations

Branches:
Dungeon (4/15)
 Temple: D:4-7

Altars:
Qazlal
The Shining One

Annotations:
D:3 Poody's ghost, amateur CeHu


Innate Abilities, Weirdness & Mutations

You have sharp toenails.
You are partially covered in icy blue scales (AC +1).
You sometimes gain a little power by taking damage.
You are immune to rotting.
You have a pair of horns on your head.


Message History

You closely miss the killer bee. Your kick misses the killer bee.
The killer bee is severely wounded.
* * * LOW HITPOINT WARNING * * *
You feel sick. The killer bee misses you. The killer bee completely misses you.
Drink which item? (? for menu, Esc to quit)
It was a potion of brilliance.
You feel clever all of a sudden.
The killer bee stings you but does no damage.
The killer bee stings you.
* * * LOW HITPOINT WARNING * * *
Casting: Beastly Appendage
Confirm with . or Enter, or press ? or * to list all spells.
You don't know that spell.
Read which item? (? for menu, Esc to quit)
As you read the scroll labeled GUSEUTE ICLE, it crumbles to dust.
The creatures around you are filled with an inner flame!
It was a scroll of immolation.
* * * LOW HITPOINT WARNING * * *
You feel sick. The killer bee stings you.
You die...

......# §§§§§§#..#
......# §§§§§§#.##
......# §§§§§ #.#
......# §§§§§ #.#
......########## #.#
#.......[....# ##y#
##..........## #..#
###.#############.##
#.............@y.#
#.............####
#.............#
###.#...........#
....#..#........#
###....#........#
....##.####.#####
.####..##...#
####..###.#.#


You could see a killer bee (inner flame).

Vanquished Creatures
  A hound (D:4)
  An orc wizard (D:3)
  2 orc priests (D:3)
  5 adders
  6 worms
  2 giant geckos
  10 orcs
  8 hobgoblins
  8 kobolds
  A ball python (D:1)
  8 bats
  3 giant cockroaches
  7 giant newts
  6 goblins
  7 jackals
  4 quokkas
  A quokka zombie (D:4)
  10 rats
90 creatures vanquished.

Vanquished Creatures (others)
  A hound zombie (D:4)
1 creature vanquished.

Grand Total: 91 creatures vanquished

Notes
Turn   | Place    | Note
--------------------------------------------------------------
     0 | D:1      | Runnr the Demonspawn Transmuter began the quest for the Orb.
     0 | D:1      | Reached XP level 1. HP: 15/15 MP: 3/3
   433 | D:1      | Gained mutation: You have sharp toenails. [demonic ancestry]
   433 | D:1      | Reached XP level 2. HP: 7/21 MP: 3/5
  1367 | D:2      | Reached skill level 3 in Unarmed Combat
  1367 | D:2      | Reached XP level 3. HP: 4/26 MP: 4/6
  2122 | D:2      | Found a glowing golden altar of the Shining One.
  2763 | D:1      | Learned a level 3 spell: Spider Form
  2766 | D:1      | Learned a level 2 spell: Sticks to Snakes
  3168 | D:2      | Found a stormy altar of Qazlal.
  3223 | D:2      | Gained mutation: You sometimes gain a little power by taking damage. [demonic ancestry]
  3223 | D:2      | Reached XP level 4. HP: 30/33 MP: 4/7
  3640 | D:3      | Noticed Poody's ghost (amateur CeHu)
  4148 | D:3      | Noticed an ogre
  4759 | D:3      | Gained mutation: You are immune to rotting. [demonic ancestry]
  4759 | D:3      | Reached XP level 5. HP: 25/38 MP: 5/9
  5850 | D:4      | Gained mutation: You are partially covered in icy blue scales (AC +1). [demonic ancestry]
  5850 | D:4      | Reached XP level 6. HP: 28/46 MP: 10/10
  6271 | D:4      | Found a stormy altar of Qazlal.
  6563 | D:4      | HP: 2/46 [poisoned by a killer bee]
  6563 | D:4      | Slain by a killer bee

Action                   |  1- 3 |  4- 6 || total
-------------------------+-------+-------++-------
Melee: Unarmed           |   185 |   192 ||   377
 Cast: Beastly Appendage |    35 |    25 ||    60
       Spider Form       |     1 |    11 ||    12
  Use: Scroll            |       |     8 ||     8
       Potion            |       |     7 ||     7
 Stab: Sleeping          |     2 |       ||     2
       Distracted        |       |     1 ||     1
  Eat: Chunk             |     8 |    21 ||    29
